Senateurs vs Bruins

Created - 28 novembre 2019 at 17:44

Goals
1 2 3 T
Senateurs 2 0 1 3
Bruins 0 0 1 1
Shots
1 2 3 T
Senateurs 18 7 11 36
Bruins 9 11 13 33

1st period

1. Senateurs , Tanner Pearson 4 (Nikita Zaitsev 7) at 9:27
2. Senateurs , Jared McCann 3 (Erik Haula 6) at 10:20

Penalties :
Justin Falk (BOS) for Fighting (Major) at 16:24, Dougie Hamilton (OTT) for Fighting (Major) at 16:24

2nd period

No Goal

Penalties :
Micheal Ferland (BOS) for Hooking (Minor) at 2:37, Brady Tkachuk (BOS) for Hooking (Minor) at 5:18, Pat Maroon (BOS) for Goalie Interference (Minor) at 14:24

3rd period

3. Bruins , Justin Falk 2 (Anthony Mantha 17, Sean Monahan 21) at 3:24 (PP)
4. Senateurs , Jakub Voracek 10 (Steven Stamkos 14) at 13:45

Penalties :
Christian Folin (OTT) for Tripping (Minor) at 3:14, Jake Virtanen (OTT) for Roughing (Minor) at 6:14, Jesper Fast (OTT) for Interference (Minor) at 19:42

Goalie Stats

Mike Smith (OTT), 32 saves from 33 shots - (0,970), W, 10-5-2, 60:00 minutes
Juuse Saros (BOS), 33 saves from 36 shots - (0,917), L, 11-7-3, 60:00 minutes

Players Stats for Senateurs

Player Name              G  A  P  +/- PIM S  H  SB GA TA FO     MP     PP MP  PK MP  
------------------------------------------------------------------------------------
Christian Folin          0  0  0   1  2   1  3  1  0  0  0/0    16:40   0:00   0:47 
Devin Shore              0  0  0   0  0   2  0  1  0  0  0/0    14:29   0:00   0:00 
Dougie Hamilton          0  0  0   1  5   1  3  0  0  1  0/0    20:39   2:41   0:00 
Dustin Brown             0  0  0   0  0   4  3  0  0  1  0/0    18:59   2:52   1:34 
Erik Gustafsson          0  0  0   1  0   4  1  1  0  2  0/0    21:32   2:41   0:00 
Erik Haula               0  1  1   1  0   0  4  0  1  2  3/5    13:43   2:54   0:00 
Frans Nielsen            0  0  0   0  0   3  1  0  0  0  9/11   18:00   2:40   0:36 
Jake McCabe              0  0  0   1  0   1  3  1  0  1  0/0    20:51   3:16   1:39 
Jake Virtanen            0  0  0   1  2   0  0  0  0  1  0/1    17:09   0:00   0:00 
Jakub Voracek            1  0  1   1  0   4  0  0  0  0  1/4    19:57   3:03   0:36 
Jared McCann             1  0  1   1  0   5  3  0  0  0  0/0    14:36   2:54   0:16 
Jesper Fast              0  0  0   1  2   3  1  1  0  0  0/1    11:17   0:25   0:00 
Karl Alzner              0  0  0   1  0   0  0  0  0  0  0/0    15:34   0:00   0:47 
Loui Eriksson            0  0  0   1  0   1  1  0  0  0  0/0     9:05   0:00   0:00 
Lucas Wallmark           0  0  0   1  0   1  3  1  0  0  1/4     9:05   0:00   0:00 
Nikita Zaitsev           0  1  1   1  0   2  1  1  0  0  0/0    24:42   3:16   1:39 
Steven Stamkos           0  1  1   1  0   1  2  0  1  0  20/31  20:55   3:03   1:34 
Tanner Pearson           1  0  1   1  0   3  1  0  1  0  0/0    10:17   0:00   0:16 

Players Stats for Bruins

Player Name              G  A  P  +/- PIM S  H  SB GA TA FO     MP     PP MP  PK MP  
------------------------------------------------------------------------------------
Anthony Beauvillier      0  0  0   0  0   1  0  0  1  0  0/0    12:56   0:00   2:38 
Anthony Mantha           0  1  1  -1  0   2  0  0  2  0  0/1    16:22   1:24   0:00 
Brady Tkachuk            0  0  0   0  2   1  2  0  0  0  0/1    18:23   1:24   0:13 
Cam Fowler               0  0  0  -1  0   3  0  0  2  0  0/0    20:40   0:47   0:00 
Connor Murphy            0  0  0  -1  0   0  4  2  0  2  0/0    24:54   0:47   2:26 
Conor Garland            0  0  0  -2  0   0  0  0  0  0  2/7     8:49   0:00   0:00 
Derick Brassard          0  0  0  -1  0   0  1  1  0  0  5/15   18:48   1:02   2:04 
Jakob Chychrun           0  0  0  -1  0   1  0  0  0  0  0/0    15:21   0:00   2:14 
Jason Pominville         0  0  0  -2  0   0  1  0  0  0  0/0     9:14   0:00   0:00 
Joel Edmundson           0  0  0  -1  0   1  2  4  0  1  0/0    18:36   0:00   0:00 
Justin Falk              1  0  1  -1  5   3  4  2  0  0  0/0    22:09   1:39   3:43 
Micheal Ferland          0  0  0   0  2   0  1  1  1  0  1/3    20:30   1:02   2:06 
Nolan Patrick            0  0  0   0  0   3  1  1  0  0  2/5    13:54   1:02   1:34 
Ondrej Palat             0  0  0   0  0   2  0  0  0  0  0/0     9:55   0:00   0:00 
Pat Maroon               0  0  0  -1  2   4  0  0  0  0  0/0    15:11   0:00   0:13 
Ryan Kesler              0  0  0  -2  0   2  1  0  0  0  1/1     8:49   0:00   0:00 
Sean Monahan             0  1  1   0  0   6  1  0  2  0  12/24  21:09   1:24   3:06 
Zach Redmond             0  0  0  -1  0   4  4  1  0  0  0/0    18:19   1:39   3:31 

3 Stars

1 - Mike Smith (OTT)
2 - Jared McCann (OTT)
3 - Tanner Pearson (OTT)

Power Play

Senateurs - 0 on 3 Attempt(s) - 0,00%
Bruins - 1 on 3 Attempt(s) - 33,33%

Penalty Kill

Senateurs - 2 on 3 Attempt(s) - 66,67% - Score 0 goal in Penalty Kill
Bruins - 3 on 3 Attempt(s) - 100,00% - Score 0 goal in Penalty Kill

Team Stat

Senateurs - Hits : 30 - Faceoff Wins : 34 - Blocked Shots : 7 - Penalty Minutes : 11
Bruins - Hits : 22 - Faceoff Wins : 23 - Blocked Shots : 12 - Penalty Minutes : 11

Official

Referees : Mark Lemelin and Evgeny Romasko
Linesman : Brian Mach and Shane Heyer

Game Notes

Justin Falk and Dougie Hamilton fight to a draw at 16:24 of 1st period

Finance

Level 1 -- Attendance: 4602 (76,70%) -- Ticket Income 460 200 $
Level 2 -- Attendance: 4546 (90,92%) -- Ticket Income 272 760 $
Level 3 -- Attendance: 2000 (100,00%) -- Ticket Income 70 000 $
Level 4 -- Attendance: 3609 (90,23%) -- Ticket Income 72 180 $
Luxury Box -- Attendance: 802 (80,20%) -- Ticket Income 160 400 $
Game was played at the Boston Garden.
Total Attendance: 15559 (86,44%)
Total Ticket Income: 1 035 540 $
Other Income: 507 415 $
Total Income: 1 542 955 $

Senateurs

5 vs 5 Forward 
   Center                   Left Wing                Right Wing               Time % Phy DF OF 
 1 Steven Stamkos           Jake Virtanen            Jakub Voracek            40     1   2  2  
 2 Frans Nielsen            Dustin Brown             Devin Shore              30     1   2  2  
 3 Erik Haula               Jesper Fast              Jared McCann             20     1   2  2  
 4 Lucas Wallmark           Tanner Pearson           Loui Eriksson            10     1   2  2  

5 vs 5 Defense 
   Defense                  Defense                                           Time % Phy DF OF 
 1 Nikita Zaitsev           Dougie Hamilton                                   40     1   2  2  
 2 Jake McCabe              Erik Gustafsson                                   30     1   2  2  
 3 Christian Folin          Karl Alzner                                       20     1   2  2  
 4 Dougie Hamilton          Erik Gustafsson                                   10     1   2  2  

PowerPlay Forward 
   Center                   Left Wing                Right Wing               Time % Phy DF OF 
 1 Steven Stamkos           Dustin Brown             Jakub Voracek            60     1   2  2  
 2 Frans Nielsen            Erik Haula               Jared McCann             40     1   2  2  

PowerPlay Defense
   Defense                  Defense                                           Time % Phy DF OF 
 1 Dougie Hamilton          Erik Gustafsson                                   60     1   2  2  
 2 Nikita Zaitsev           Jake McCabe                                       40     1   2  2  

Penalty Kill 4 Players Forward 
   Center                   Wing                     Time % Phy DF OF 
 1 Steven Stamkos           Dustin Brown             60     1   2  2  
 2 Jakub Voracek            Frans Nielsen            40     1   2  2  

Penalty Kill 4 Players Defense
   Defense                  Defense                  Time % Phy DF OF 
 1 Nikita Zaitsev           Jake McCabe              60     1   2  2  
 2 Christian Folin          Karl Alzner              40     1   2  2  

Penalty Kill - 3 Players Forward 
   Forward                                           Time % Phy DF OF 
 1 Steven Stamkos                                    60     1   2  2  
 2 Dustin Brown                                      40     1   2  2  

Penalty Kill - 3 Players Defense
   Defense                  Defense                  Time % Phy DF OF 
 1 Nikita Zaitsev           Jake McCabe              60     1   2  2  
 2 Christian Folin          Karl Alzner              40     1   2  2  

4 vs 4 Forward 
   Center                   Wing                     Time % Phy DF OF 
 1 Steven Stamkos           Dustin Brown             60     1   2  2  
 2 Jakub Voracek            Frans Nielsen            40     1   2  2  

4 vs 4 Defense
   Defense                  Defense                  Time % Phy DF OF 
 1 Nikita Zaitsev           Dougie Hamilton          60     1   2  2  
 2 Jake McCabe              Erik Gustafsson          40     1   2  2  

Last Minutes Offensive
   Center                   Left Wing                Right Wing               Defense                  Defense                  
   Steven Stamkos           Dustin Brown             Jakub Voracek            Nikita Zaitsev           Dougie Hamilton          

Last Minutes Defensive
   Center                   Left Wing                Right Wing               Defense                  Defense                  
   Steven Stamkos           Dustin Brown             Jakub Voracek            Nikita Zaitsev           Dougie Hamilton          

Goaltenders
Starting : Mike Smith               
Backup : Cory Schneider           

Extra Forwards
Normal : Jesper Fast, Jake Virtanen, Tanner Pearson - PP : Jesper Fast, Jake Virtanen - PK : Tanner Pearson
Extra Defensemen
Normal : Christian Folin, Karl Alzner, Jake McCabe - PP : Christian Folin - PK : Karl Alzner, Jake McCabe
Penalty Shots
Steven Stamkos, Dustin Brown, Jakub Voracek, Frans Nielsen, Jared McCann
Custom OT Lines Forwards
Steven Stamkos, Dustin Brown, Jakub Voracek, Frans Nielsen, Jared McCann, Devin Shore, Jesper Fast, Jake Virtanen, Tanner Pearson, Loui Eriksson
Custom OT Lines Defensemen
Nikita Zaitsev, Dougie Hamilton, Jake McCabe, Erik Gustafsson, Christian Folin

Scratches
Trevor van Riemsdyk (Healthy), Ryan Hartman (Healthy), Kevin Porter (Healthy)

Bruins

5 vs 5 Forward 
   Center                   Left Wing                Right Wing               Time % Phy DF OF 
 1 Sean Monahan             Brady Tkachuk            Micheal Ferland          40     1   2  2  
 2 Derick Brassard          Pat Maroon               Anthony Mantha           30     1   2  2  
 3 Nolan Patrick            Ondrej Palat             Anthony Beauvillier      20     1   2  2  
 4 Conor Garland            Jason Pominville         Ryan Kesler              10     1   2  2  

5 vs 5 Defense 
   Defense                  Defense                                           Time % Phy DF OF 
 1 Justin Falk              Joel Edmundson                                    40     1   2  2  
 2 Connor Murphy            Cam Fowler                                        30     1   2  2  
 3 Zach Redmond             Jakob Chychrun                                    20     1   2  2  
 4 Connor Murphy            Cam Fowler                                        10     1   2  2  

PowerPlay Forward 
   Center                   Left Wing                Right Wing               Time % Phy DF OF 
 1 Sean Monahan             Brady Tkachuk            Anthony Mantha           60     1   2  2  
 2 Derick Brassard          Nolan Patrick            Micheal Ferland          40     1   2  2  

PowerPlay Defense
   Defense                  Defense                                           Time % Phy DF OF 
 1 Zach Redmond             Justin Falk                                       60     1   2  2  
 2 Connor Murphy            Cam Fowler                                        40     1   2  2  

Penalty Kill 4 Players Forward 
   Center                   Wing                     Time % Phy DF OF 
 1 Sean Monahan             Micheal Ferland          60     1   2  2  
 2 Derick Brassard          Anthony Beauvillier      40     1   2  2  

Penalty Kill 4 Players Defense
   Defense                  Defense                  Time % Phy DF OF 
 1 Justin Falk              Zach Redmond             60     1   2  2  
 2 Connor Murphy            Justin Falk              40     1   2  2  

Penalty Kill - 3 Players Forward 
   Forward                                           Time % Phy DF OF 
 1 Sean Monahan                                      60     1   2  2  
 2 Derick Brassard                                   40     1   2  2  

Penalty Kill - 3 Players Defense
   Defense                  Defense                  Time % Phy DF OF 
 1 Zach Redmond             Joel Edmundson           60     1   2  2  
 2 Connor Murphy            Justin Falk              40     1   2  2  

4 vs 4 Forward 
   Center                   Wing                     Time % Phy DF OF 
 1 Sean Monahan             Micheal Ferland          60     1   2  2  
 2 Derick Brassard          Jason Pominville         40     1   2  2  

4 vs 4 Defense
   Defense                  Defense                  Time % Phy DF OF 
 1 Zach Redmond             Cam Fowler               60     1   2  2  
 2 Connor Murphy            Justin Falk              40     1   2  2  

Last Minutes Offensive
   Center                   Left Wing                Right Wing               Defense                  Defense                  
   Sean Monahan             Brady Tkachuk            Micheal Ferland          Justin Falk              Joel Edmundson           

Last Minutes Defensive
   Center                   Left Wing                Right Wing               Defense                  Defense                  
   Sean Monahan             Brady Tkachuk            Micheal Ferland          Justin Falk              Joel Edmundson           

Goaltenders
Starting : Juuse Saros              
Backup : Collin Delia             

Extra Forwards
Normal : Nolan Patrick, Jason Pominville, Anthony Beauvillier - PP : Nolan Patrick, Jason Pominville - PK : Anthony Beauvillier
Extra Defensemen
Normal : Zach Redmond, Justin Falk, Connor Murphy - PP : Zach Redmond - PK : Justin Falk, Connor Murphy
Penalty Shots
Sean Monahan, Brady Tkachuk, Derick Brassard, Nolan Patrick, Micheal Ferland
Custom OT Lines Forwards
Sean Monahan, Brady Tkachuk, Derick Brassard, Ryan Kesler, Micheal Ferland, Anthony Mantha, Nolan Patrick, Jason Pominville, Anthony Beauvillier, Ondrej Palat
Custom OT Lines Defensemen
Justin Falk, Joel Edmundson, Connor Murphy, Cam Fowler, Zach Redmond

Scratches
Xavier Ouellet (Healthy), Ryan Bourque (Healthy), Marcus Kruger (Healthy), Cam Talbot (Healthy)

% Time on Ice - Senateurs

Lines # - Real PCT - Wanted PCT - Time Play
Normal Forward
1 - 33% - 40% - 16:55
2 - 29% - 30% - 15:06
3 - 20% - 20% - 10:31
4 - 18% - 10% - 9:05
Normal Defense
1 - 38% - 40% - 19:25
2 - 30% - 30% - 15:26
3 - 25% - 20% - 12:59
4 - 7% - 10% - 3:47
PP Forward
1 - 51% - 60% - 3:03
2 - 49% - 40% - 2:54
PP Defense
1 - 45% - 60% - 2:41
2 - 55% - 40% - 3:16
PK Forward
1 - 75% - 60% - 1:50
2 - 25% - 40% - 0:36
PK Defense
1 - 68% - 60% - 1:39
2 - 32% - 40% - 0:47
PK3 Forward
1 - 0% - 60%
2 - 0% - 40%
PK3 Defense
1 - 0% - 60%
2 - 0% - 40%
44 Forward
1 - 0% - 60%
2 - 0% - 40%
44 Defense
1 - 0% - 60%
2 - 0% - 40%
Last Minute Offensive  - 0:00
Last Minute Defensive  - 0:00
Total
Forward - 60:00
Defense - 60:00

% Time on Ice - Bruins

Lines # - Real PCT - Wanted PCT - Time Play
Normal Forward
1 - 33% - 40% - 16:49
2 - 31% - 30% - 16:04
3 - 19% - 20% - 9:55
4 - 17% - 10% - 8:49
Normal Defense
1 - 36% - 40% - 18:36
2 - 32% - 30% - 16:42
3 - 23% - 20% - 12:02
4 - 8% - 10% - 4:17
PP Forward
1 - 58% - 60% - 1:24
2 - 42% - 40% - 1:02
PP Defense
1 - 68% - 60% - 1:39
2 - 32% - 40% - 0:47
PK Forward
1 - 82% - 60% - 4:53
2 - 18% - 40% - 1:04
PK Defense
1 - 59% - 60% - 3:31
2 - 41% - 40% - 2:26
PK3 Forward
1 - 0% - 60%
2 - 0% - 40%
PK3 Defense
1 - 0% - 60%
2 - 0% - 40%
44 Forward
1 - 0% - 60%
2 - 0% - 40%
44 Defense
1 - 0% - 60%
2 - 0% - 40%
Last Minute Offensive  - 0:00
Last Minute Defensive  - 0:00
Total
Forward - 60:00
Defense - 60:00

Play-by-Play

1st period


0:01 of 1st period - Sean Monahan wins face-off versus Jakub Voracek in neutral zone.
0:10 of 1st period - Slapshot by Brady Tkachuk.
0:10 of 1st period - Shot Misses the Net.
0:51 of 1st period - Jake McCabe is hit by Derick Brassard.
1:57 of 1st period - Snap shot by Erik Haula.
1:57 of 1st period - Deflect By Jesper Fast.
1:57 of 1st period - Shot Misses the Net.
1:57 of 1st period - Puck is out of play.
1:58 of 1st period - Frans Nielsen wins face-off versus Nolan Patrick in Bruins zone.
2:46 of 1st period - Dougie Hamilton is hit by Zach Redmond.
2:52 of 1st period - Jakob Chychrun is hit by Dougie Hamilton and loses puck.
3:51 of 1st period - Jakub Voracek is hit by Justin Falk and loses puck.
4:14 of 1st period - Slapshot by Sean Monahan.
4:14 of 1st period - Stopped by Mike Smith without a rebound.
4:15 of 1st period - Frans Nielsen wins face-off versus Micheal Ferland in Senateurs zone.
4:34 of 1st period - Slapshot by Sean Monahan.
4:34 of 1st period - Stopped by Mike Smith without a rebound.
4:35 of 1st period - Derick Brassard wins face-off versus Steven Stamkos in Senateurs zone.
4:36 of 1st period - Slapshot by Anthony Mantha.
4:36 of 1st period - Deflect By Jakub Voracek.
4:36 of 1st period - Stopped by Mike Smith with a rebound.
4:42 of 1st period - Slapshot by Steven Stamkos.
4:42 of 1st period - Shot Blocked by Justin Falk.
4:50 of 1st period - Snap shot by Steven Stamkos.
4:50 of 1st period - Shot Misses the Net.
5:00 of 1st period - Dustin Brown is hit by Joel Edmundson and loses puck.
5:27 of 1st period - Slapshot by Erik Gustafsson.
5:27 of 1st period - Shot Blocked by Connor Murphy.
5:29 of 1st period - Wrist shot by Jared McCann.
5:29 of 1st period - Stopped by Juuse Saros with a rebound.
5:31 of 1st period - Snap shot by Jesper Fast.
5:31 of 1st period - Stopped by Juuse Saros with a rebound.
7:09 of 1st period - Snap shot by Ondrej Palat.
7:09 of 1st period - Stopped by Mike Smith without a rebound.
7:10 of 1st period - Nolan Patrick wins face-off versus Steven Stamkos in Senateurs zone.
7:11 of 1st period - Slapshot by Ondrej Palat.
7:11 of 1st period - Stopped by Mike Smith with a rebound.
7:13 of 1st period - Snap shot by Anthony Beauvillier.
7:13 of 1st period - Stopped by Mike Smith without a rebound.
7:14 of 1st period - Steven Stamkos wins face-off versus Derick Brassard in Senateurs zone.
7:43 of 1st period - Snap shot by Dustin Brown.
7:43 of 1st period - Shot Misses the Net.
7:45 of 1st period - Snap shot by Dustin Brown.
7:45 of 1st period - Shot Blocked by Connor Murphy.
7:47 of 1st period - Snap shot by Frans Nielsen.
7:47 of 1st period - Deflect By Dustin Brown.
7:47 of 1st period - Stopped by Juuse Saros without a rebound.
7:48 of 1st period - Frans Nielsen wins face-off versus Sean Monahan in Bruins zone.
7:51 of 1st period - Wrist shot by Dustin Brown.
7:51 of 1st period - Stopped by Juuse Saros with a rebound.
7:53 of 1st period - Wrist shot by Frans Nielsen.
7:53 of 1st period - Shot Misses the Net.
7:55 of 1st period - Snap shot by Devin Shore.
7:55 of 1st period - Stopped by Juuse Saros without a rebound.
7:56 of 1st period - Frans Nielsen wins face-off versus Sean Monahan in Bruins zone.
8:05 of 1st period - Snap shot by Dustin Brown.
8:05 of 1st period - Shot Misses the Net.
8:07 of 1st period - Slapshot by Dougie Hamilton.
8:07 of 1st period - Shot Blocked by Micheal Ferland.
8:09 of 1st period - Snap shot by Dustin Brown.
8:09 of 1st period - Shot Misses the Net.
8:11 of 1st period - Slapshot by Dustin Brown.
8:11 of 1st period - Deflect By Frans Nielsen.
8:11 of 1st period - Stopped by Juuse Saros without a rebound.
8:12 of 1st period - Steven Stamkos wins face-off versus Derick Brassard in Bruins zone.
8:37 of 1st period - Micheal Ferland is hit by Jake McCabe and loses puck.
9:02 of 1st period - Snap shot by Ondrej Palat.
9:02 of 1st period - Shot Misses the Net.
9:04 of 1st period - Slapshot by Zach Redmond.
9:04 of 1st period - Deflect By Dustin Brown.
9:04 of 1st period - Stopped by Mike Smith with a rebound.
9:18 of 1st period - Jakob Chychrun is hit by Nikita Zaitsev and loses puck.
9:27 of 1st period - Slapshot by Tanner Pearson.
9:27 of 1st period - Goal by Tanner Pearson - Senateurs : 1 - Bruins : 0.
9:28 of 1st period - Sean Monahan wins face-off versus Jakub Voracek in neutral zone.
9:31 of 1st period - Dougie Hamilton is hit by Micheal Ferland and loses puck.
10:03 of 1st period - Wrist shot by Anthony Mantha.
10:03 of 1st period - Shot Misses the Net.
10:12 of 1st period - Off-side.
10:13 of 1st period - Erik Haula wins face-off versus Conor Garland in neutral zone.
10:20 of 1st period - Slapshot by Jared McCann.
10:20 of 1st period - Goal by Jared McCann - Senateurs : 2 - Bruins : 0.
10:21 of 1st period - Sean Monahan wins face-off versus Steven Stamkos in neutral zone.
10:26 of 1st period - Icing by Steven Stamkos.
10:27 of 1st period - Steven Stamkos wins face-off versus Sean Monahan in Senateurs zone.
10:38 of 1st period - Backhand shot by Steven Stamkos.
10:38 of 1st period - Shot Misses the Net.
10:56 of 1st period - Wrist shot by Pat Maroon.
10:56 of 1st period - Shot Blocked by Jesper Fast.
11:02 of 1st period - Snap shot by Pat Maroon.
11:02 of 1st period - Stopped by Mike Smith with a rebound.
11:12 of 1st period - Snap shot by Ondrej Palat.
11:12 of 1st period - Shot Misses the Net.
12:11 of 1st period - Off-side.
12:12 of 1st period - Derick Brassard wins face-off versus Erik Haula in neutral zone.
12:14 of 1st period - Off-side.
12:15 of 1st period - Erik Haula wins face-off versus Derick Brassard in neutral zone.
12:20 of 1st period - Wrist shot by Jared McCann.
12:20 of 1st period - Shot Misses the Net.
12:24 of 1st period - Wrist shot by Jesper Fast.
12:24 of 1st period - Stopped by Juuse Saros with a rebound.
12:26 of 1st period - Wrist shot by Jesper Fast.
12:26 of 1st period - Stopped by Juuse Saros with a rebound.
12:28 of 1st period - Slapshot by Christian Folin.
12:28 of 1st period - Shot Misses the Net.
12:30 of 1st period - Snap shot by Jared McCann.
12:30 of 1st period - Stopped by Juuse Saros with a rebound.
12:37 of 1st period - Icing by Zach Redmond.
12:38 of 1st period - Steven Stamkos wins face-off versus Sean Monahan in Bruins zone.
12:49 of 1st period - Snap shot by Steven Stamkos.
12:49 of 1st period - Shot Blocked by Zach Redmond.
12:51 of 1st period - Slapshot by Jake McCabe.
12:51 of 1st period - Shot Misses the Net.
12:53 of 1st period - Snap shot by Jake McCabe.
12:53 of 1st period - Stopped by Juuse Saros with a rebound.
13:12 of 1st period - Wrist shot by Brady Tkachuk.
13:12 of 1st period - Shot Blocked by Erik Gustafsson.
13:33 of 1st period - Slapshot by Anthony Mantha.
13:33 of 1st period - Stopped by Mike Smith without a rebound.
13:34 of 1st period - Steven Stamkos wins face-off versus Nolan Patrick in Senateurs zone.
13:43 of 1st period - Wrist shot by Jakub Voracek.
13:43 of 1st period - Shot Blocked by Justin Falk.
13:45 of 1st period - Wrist shot by Steven Stamkos.
13:45 of 1st period - Shot Misses the Net.
13:47 of 1st period - Snap shot by Jakub Voracek.
13:47 of 1st period - Stopped by Juuse Saros with a rebound.
13:49 of 1st period - Snap shot by Steven Stamkos.
13:49 of 1st period - Deflect By Jakub Voracek.
13:49 of 1st period - Shot Hit the Post.
13:49 of 1st period - Puck is out of play.
13:50 of 1st period - Derick Brassard wins face-off versus Frans Nielsen in Bruins zone.
14:43 of 1st period - Cam Fowler is hit by Steven Stamkos and loses puck.
15:14 of 1st period - Derick Brassard is hit by Tanner Pearson and loses puck.
15:25 of 1st period - Snap shot by Dougie Hamilton.
15:25 of 1st period - Stopped by Juuse Saros with a rebound.
15:35 of 1st period - Jared McCann is hit by Brady Tkachuk.
15:43 of 1st period - Cam Fowler is hit by Jared McCann and loses puck.
15:56 of 1st period - Erik Gustafsson is hit by Connor Murphy and loses puck.
16:21 of 1st period - Wrist shot by Dustin Brown.
16:21 of 1st period - Shot Blocked by Joel Edmundson.
16:23 of 1st period - Slapshot by Erik Gustafsson.
16:23 of 1st period - Stopped by Juuse Saros without a rebound.
16:24 of 1st period - Frans Nielsen wins face-off versus Sean Monahan in Bruins zone.
16:24 of 1st period - Justin Falk and Dougie Hamilton fight to a draw.
16:24 of 1st period - Penalty to Justin Falk for Fighting.
16:24 of 1st period - Penalty to Dougie Hamilton for Fighting.
16:25 of 1st period - Sean Monahan wins face-off versus Steven Stamkos in Bruins zone.
16:36 of 1st period - Wrist shot by Sean Monahan.
16:36 of 1st period - Shot Blocked by Nikita Zaitsev.
17:01 of 1st period - Slapshot by Dustin Brown.
17:01 of 1st period - Stopped by Juuse Saros without a rebound.
17:02 of 1st period - Micheal Ferland wins face-off versus Jakub Voracek in Bruins zone.
17:57 of 1st period - Wrist shot by Jared McCann.
17:57 of 1st period - Stopped by Juuse Saros with a rebound.
17:59 of 1st period - Slapshot by Nikita Zaitsev.
17:59 of 1st period - Deflect By Ryan Kesler.
17:59 of 1st period - Stopped by Juuse Saros without a rebound.
18:00 of 1st period - Sean Monahan wins face-off versus Steven Stamkos in Bruins zone.
18:27 of 1st period - Frans Nielsen is hit by Connor Murphy and loses puck.
18:32 of 1st period - Snap shot by Ondrej Palat.
18:32 of 1st period - Shot Blocked by Christian Folin.
19:07 of 1st period - Icing by Christian Folin.
19:08 of 1st period - Conor Garland wins face-off versus Lucas Wallmark in Senateurs zone.
19:23 of 1st period - Joel Edmundson is hit by Lucas Wallmark and loses puck.
19:36 of 1st period - Karl Alzner is hit by Sean Monahan and loses puck.
Goals for this period are 2 for Senateurs vs 0 for Bruins.
Shots for this period are 18 for Senateurs vs 9 for Bruins.

2nd period


0:01 of 2nd period - Steven Stamkos wins face-off versus Sean Monahan in neutral zone.
0:50 of 2nd period - Snap shot by Jared McCann.
0:50 of 2nd period - Stopped by Juuse Saros with a rebound.
0:52 of 2nd period - Snap shot by Erik Haula.
0:52 of 2nd period - Shot Misses the Net.
1:53 of 2nd period - Wrist shot by Ondrej Palat.
1:53 of 2nd period - Shot Misses the Net.
1:55 of 2nd period - Snap shot by Zach Redmond.
1:55 of 2nd period - Stopped by Mike Smith without a rebound.
1:56 of 2nd period - Steven Stamkos wins face-off versus Derick Brassard in Senateurs zone.
2:05 of 2nd period - Snap shot by Steven Stamkos.
2:05 of 2nd period - Shot Blocked by Joel Edmundson.
2:37 of 2nd period - Minor Penalty to Micheal Ferland for Hooking.
2:38 of 2nd period - Sean Monahan wins face-off versus Steven Stamkos in Bruins zone.
4:26 of 2nd period - Nikita Zaitsev is hit by Zach Redmond and loses puck.
4:37 of 2nd period - Penalty to Micheal Ferland is over, Micheal Ferland is back on ice.
4:58 of 2nd period - Snap shot by Conor Garland.
4:58 of 2nd period - Deflect By Lucas Wallmark.
4:58 of 2nd period - Shot Misses the Net.
4:58 of 2nd period - Puck is out of play.
4:59 of 2nd period - Lucas Wallmark wins face-off versus Conor Garland in Senateurs zone.
5:11 of 2nd period - Off-side.
5:12 of 2nd period - Steven Stamkos wins face-off versus Sean Monahan in neutral zone.
5:18 of 2nd period - Minor Penalty to Brady Tkachuk for Hooking.
5:19 of 2nd period - Sean Monahan wins face-off versus Steven Stamkos in Bruins zone.
5:33 of 2nd period - Wrist shot by Jakub Voracek.
5:33 of 2nd period - Stopped by Juuse Saros with a rebound.
5:35 of 2nd period - Snap shot by Jakub Voracek.
5:35 of 2nd period - Shot Misses the Net.
6:47 of 2nd period - Icing by Erik Haula.
6:48 of 2nd period - Frans Nielsen wins face-off versus Nolan Patrick in Senateurs zone.
7:18 of 2nd period - Penalty to Brady Tkachuk is over, Brady Tkachuk is back on ice.
7:26 of 2nd period - Jake McCabe is hit by Justin Falk and loses puck.
7:54 of 2nd period - Loui Eriksson is hit by Justin Falk and loses puck.
8:29 of 2nd period - Wrist shot by Nolan Patrick.
8:29 of 2nd period - Stopped by Mike Smith with a rebound.
8:31 of 2nd period - Slapshot by Nolan Patrick.
8:31 of 2nd period - Shot Misses the Net.
8:33 of 2nd period - Slapshot by Jakob Chychrun.
8:33 of 2nd period - Stopped by Mike Smith with a rebound.
8:35 of 2nd period - Snap shot by Cam Fowler.
8:35 of 2nd period - Stopped by Mike Smith with a rebound.
8:37 of 2nd period - Snap shot by Zach Redmond.
8:37 of 2nd period - Stopped by Mike Smith without a rebound.
8:38 of 2nd period - Steven Stamkos wins face-off versus Derick Brassard in Senateurs zone.
8:53 of 2nd period - Jake Virtanen is hit by Connor Murphy and loses puck.
9:16 of 2nd period - Wrist shot by Dustin Brown.
9:16 of 2nd period - Stopped by Juuse Saros without a rebound.
9:17 of 2nd period - Sean Monahan wins face-off versus Erik Haula in Bruins zone.
9:17 of 2nd period - Sean Monahan is hit by Jared McCann.
9:47 of 2nd period - Wrist shot by Pat Maroon.
9:47 of 2nd period - Stopped by Mike Smith with a rebound.
9:49 of 2nd period - Slapshot by Justin Falk.
9:49 of 2nd period - Stopped by Mike Smith with a rebound.
10:11 of 2nd period - Nolan Patrick is hit by Dustin Brown and loses puck.
10:24 of 2nd period - Backhand shot by Tanner Pearson.
10:24 of 2nd period - Stopped by Juuse Saros with a rebound.
10:26 of 2nd period - Wrist shot by Lucas Wallmark.
10:26 of 2nd period - Stopped by Juuse Saros with a rebound.
11:41 of 2nd period - Slapshot by Erik Gustafsson.
11:41 of 2nd period - Stopped by Juuse Saros with a rebound.
12:45 of 2nd period - Snap shot by Zach Redmond.
12:45 of 2nd period - Stopped by Mike Smith with a rebound.
12:47 of 2nd period - Wrist shot by Derick Brassard.
12:47 of 2nd period - Shot Misses the Net.
12:49 of 2nd period - Snap shot by Derick Brassard.
12:49 of 2nd period - Shot Misses the Net.
12:51 of 2nd period - Snap shot by Pat Maroon.
12:51 of 2nd period - Stopped by Mike Smith with a rebound.
13:01 of 2nd period - Pat Maroon is hit by Erik Haula.
13:32 of 2nd period - Dougie Hamilton is hit by Justin Falk.
13:38 of 2nd period - Snap shot by Jason Pominville.
13:38 of 2nd period - Shot Blocked by Devin Shore.
13:44 of 2nd period - Frans Nielsen is hit by Ryan Kesler and loses puck.
14:10 of 2nd period - Joel Edmundson is hit by Christian Folin and loses puck.
14:24 of 2nd period - Minor Penalty to Pat Maroon for Goalie Interference.
14:25 of 2nd period - Sean Monahan wins face-off versus Steven Stamkos in Bruins zone.
15:05 of 2nd period - Jake McCabe is hit by Zach Redmond and loses puck.
15:43 of 2nd period - Nolan Patrick is hit by Erik Haula.
16:20 of 2nd period - Icing by Jared McCann.
16:21 of 2nd period - Nolan Patrick wins face-off versus Jesper Fast in Senateurs zone.
16:24 of 2nd period - Penalty to Pat Maroon is over, Pat Maroon is back on ice.
16:24 of 2nd period - Snap shot by Derick Brassard.
16:24 of 2nd period - Shot Misses the Net.
16:26 of 2nd period - Slapshot by Justin Falk.
16:26 of 2nd period - Stopped by Mike Smith without a rebound.
16:27 of 2nd period - Derick Brassard wins face-off versus Lucas Wallmark in Senateurs zone.
16:34 of 2nd period - Pat Maroon is hit by Loui Eriksson and loses puck.
16:43 of 2nd period - Slapshot by Tanner Pearson.
16:43 of 2nd period - Stopped by Juuse Saros with a rebound.
16:53 of 2nd period - Connor Murphy is hit by Christian Folin and loses puck.
17:16 of 2nd period - Cam Fowler is hit by Erik Gustafsson and loses puck.
17:28 of 2nd period - Off-side.
17:29 of 2nd period - Erik Haula wins face-off versus Conor Garland in neutral zone.
17:55 of 2nd period - Sean Monahan is hit by Steven Stamkos and loses puck.
18:14 of 2nd period - Derick Brassard is hit by Dustin Brown and loses puck.
18:47 of 2nd period - Wrist shot by Ondrej Palat.
18:47 of 2nd period - Shot Blocked by Lucas Wallmark.
18:57 of 2nd period - Joel Edmundson is hit by Jake McCabe and loses puck.
19:20 of 2nd period - Snap shot by Sean Monahan.
19:20 of 2nd period - Stopped by Mike Smith with a rebound.
19:38 of 2nd period - Off-side.
19:39 of 2nd period - Frans Nielsen wins face-off versus Derick Brassard in neutral zone.
Goals for this period are 0 for Senateurs vs 0 for Bruins.
Shots for this period are 7 for Senateurs vs 11 for Bruins.

3rd period


0:01 of 3rd period - Steven Stamkos wins face-off versus Micheal Ferland in neutral zone.
0:45 of 3rd period - Snap shot by Devin Shore.
0:45 of 3rd period - Shot Misses the Net.
0:51 of 3rd period - Jared McCann is hit by Connor Murphy and loses puck.
1:04 of 3rd period - Jakob Chychrun is hit by Dougie Hamilton and loses puck.
1:31 of 3rd period - Steven Stamkos is hit by Zach Redmond and loses puck.
2:08 of 3rd period - Jakob Chychrun is hit by Erik Haula and loses puck.
2:51 of 3rd period - Wrist shot by Sean Monahan.
2:51 of 3rd period - Shot Misses the Net.
2:53 of 3rd period - Slapshot by Justin Falk.
2:53 of 3rd period - Shot Misses the Net.
2:55 of 3rd period - Slapshot by Joel Edmundson.
2:55 of 3rd period - Stopped by Mike Smith without a rebound.
2:56 of 3rd period - Steven Stamkos wins face-off versus Derick Brassard in Senateurs zone.
3:01 of 3rd period - Snap shot by Anthony Mantha.
3:01 of 3rd period - Deflect By Pat Maroon.
3:01 of 3rd period - Stopped by Mike Smith without a rebound.
3:02 of 3rd period - Steven Stamkos wins face-off versus Derick Brassard in Senateurs zone.
3:14 of 3rd period - Minor Penalty to Christian Folin for Tripping.
3:15 of 3rd period - Sean Monahan wins face-off versus Steven Stamkos in Senateurs zone.
3:18 of 3rd period - Snap shot by Sean Monahan.
3:18 of 3rd period - Shot Blocked by Jake McCabe.
3:20 of 3rd period - Snap shot by Sean Monahan.
3:20 of 3rd period - Shot Misses the Net.
3:22 of 3rd period - Snap shot by Anthony Mantha.
3:22 of 3rd period - Shot Misses the Net.
3:24 of 3rd period - Slapshot by Justin Falk.
3:24 of 3rd period - Goal by Justin Falk - Senateurs : 2 - Bruins : 1.
3:25 of 3rd period - Steven Stamkos wins face-off versus Sean Monahan in neutral zone.
3:52 of 3rd period - Derick Brassard is hit by Dustin Brown.
4:12 of 3rd period - Snap shot by Tanner Pearson.
4:12 of 3rd period - Shot Hit the Post.
4:14 of 3rd period - Slapshot by Lucas Wallmark.
4:14 of 3rd period - Shot Misses the Net.
4:16 of 3rd period - Slapshot by Nikita Zaitsev.
4:16 of 3rd period - Stopped by Juuse Saros without a rebound.
4:17 of 3rd period - Sean Monahan wins face-off versus Lucas Wallmark in Bruins zone.
4:32 of 3rd period - Wrist shot by Brady Tkachuk.
4:32 of 3rd period - Stopped by Mike Smith without a rebound.
4:33 of 3rd period - Steven Stamkos wins face-off versus Derick Brassard in Senateurs zone.
4:38 of 3rd period - Slapshot by Erik Gustafsson.
4:38 of 3rd period - Shot Blocked by Derick Brassard.
4:40 of 3rd period - Slapshot by Jake McCabe.
4:40 of 3rd period - Shot Blocked by Joel Edmundson.
4:42 of 3rd period - Slapshot by Erik Gustafsson.
4:42 of 3rd period - Stopped by Juuse Saros with a rebound.
4:44 of 3rd period - Slapshot by Erik Gustafsson.
4:44 of 3rd period - Stopped by Juuse Saros with a rebound.
5:08 of 3rd period - Wrist shot by Sean Monahan.
5:08 of 3rd period - Stopped by Mike Smith with a rebound.
5:47 of 3rd period - Icing by Jason Pominville.
5:48 of 3rd period - Ryan Kesler wins face-off versus Frans Nielsen in Bruins zone.
5:48 of 3rd period - Ryan Kesler is hit by Dougie Hamilton.
5:53 of 3rd period - Cam Fowler is hit by Frans Nielsen.
6:01 of 3rd period - Wrist shot by Conor Garland.
6:01 of 3rd period - Shot Misses the Net.
6:03 of 3rd period - Wrist shot by Ryan Kesler.
6:03 of 3rd period - Stopped by Mike Smith with a rebound.
6:05 of 3rd period - Snap shot by Cam Fowler.
6:05 of 3rd period - Stopped by Mike Smith with a rebound.
6:07 of 3rd period - Wrist shot by Ryan Kesler.
6:07 of 3rd period - Stopped by Mike Smith without a rebound.
6:08 of 3rd period - Sean Monahan wins face-off versus Steven Stamkos in Senateurs zone.
6:14 of 3rd period - Minor Penalty to Jake Virtanen for Roughing.
6:15 of 3rd period - Steven Stamkos wins face-off versus Sean Monahan in Senateurs zone.
7:03 of 3rd period - Snap shot by Steven Stamkos.
7:03 of 3rd period - Deflect By Frans Nielsen.
7:03 of 3rd period - Stopped by Juuse Saros without a rebound.
7:04 of 3rd period - Jakub Voracek wins face-off versus Brady Tkachuk in Bruins zone.
8:14 of 3rd period - Penalty to Jake Virtanen is over, Jake Virtanen is back on ice.
8:14 of 3rd period - Cam Fowler is hit by Jared McCann and loses puck.
8:25 of 3rd period - Snap shot by Jake Virtanen.
8:25 of 3rd period - Shot Blocked by Joel Edmundson.
8:43 of 3rd period - Erik Gustafsson is hit by Nolan Patrick and loses puck.
8:50 of 3rd period - Wrist shot by Micheal Ferland.
8:50 of 3rd period - Deflect By Nolan Patrick.
8:50 of 3rd period - Stopped by Mike Smith without a rebound.
8:51 of 3rd period - Frans Nielsen wins face-off versus Conor Garland in Senateurs zone.
8:58 of 3rd period - Wrist shot by Dustin Brown.
8:58 of 3rd period - Shot Misses the Net.
9:00 of 3rd period - Wrist shot by Devin Shore.
9:00 of 3rd period - Stopped by Juuse Saros with a rebound.
9:02 of 3rd period - Snap shot by Dustin Brown.
9:02 of 3rd period - Shot Misses the Net.
9:04 of 3rd period - Wrist shot by Frans Nielsen.
9:04 of 3rd period - Stopped by Juuse Saros without a rebound.
9:05 of 3rd period - Steven Stamkos wins face-off versus Conor Garland in Bruins zone.
9:09 of 3rd period - Icing by Cam Fowler.
9:10 of 3rd period - Conor Garland wins face-off versus Steven Stamkos in Bruins zone.
10:05 of 3rd period - Snap shot by Nolan Patrick.
10:05 of 3rd period - Stopped by Mike Smith with a rebound.
11:45 of 3rd period - Dustin Brown is hit by Jason Pominville and loses puck.
11:50 of 3rd period - Slapshot by Ryan Kesler.
11:50 of 3rd period - Shot Misses the Net.
12:10 of 3rd period - Snap shot by Sean Monahan.
12:10 of 3rd period - Stopped by Mike Smith with a rebound.
12:43 of 3rd period - Anthony Beauvillier is hit by Lucas Wallmark and loses puck.
13:06 of 3rd period - Connor Murphy is hit by Lucas Wallmark and loses puck.
13:20 of 3rd period - Brady Tkachuk is hit by Jake McCabe and loses puck.
13:33 of 3rd period - Wrist shot by Loui Eriksson.
13:33 of 3rd period - Stopped by Juuse Saros without a rebound.
13:34 of 3rd period - Steven Stamkos wins face-off versus Anthony Mantha in Bruins zone.
13:43 of 3rd period - Wrist shot by Steven Stamkos.
13:43 of 3rd period - Stopped by Juuse Saros with a rebound.
13:45 of 3rd period - Snap shot by Jakub Voracek.
13:45 of 3rd period - Goal by Jakub Voracek - Senateurs : 3 - Bruins : 1.
13:46 of 3rd period - Steven Stamkos wins face-off versus Sean Monahan in neutral zone.
14:02 of 3rd period - Icing by Joel Edmundson.
14:03 of 3rd period - Frans Nielsen wins face-off versus Sean Monahan in Bruins zone.
14:06 of 3rd period - Snap shot by Frans Nielsen.
14:06 of 3rd period - Shot Misses the Net.
14:45 of 3rd period - Slapshot by Brady Tkachuk.
14:45 of 3rd period - Deflect By Sean Monahan.
14:45 of 3rd period - Stopped by Mike Smith with a rebound.
14:47 of 3rd period - Snap shot by Cam Fowler.
14:47 of 3rd period - Stopped by Mike Smith without a rebound.
14:48 of 3rd period - Steven Stamkos wins face-off versus Derick Brassard in Senateurs zone.
16:32 of 3rd period - Snap shot by Christian Folin.
16:32 of 3rd period - Shot Misses the Net.
16:34 of 3rd period - Slapshot by Christian Folin.
16:34 of 3rd period - Shot Blocked by Nolan Patrick.
16:36 of 3rd period - Slapshot by Christian Folin.
16:36 of 3rd period - Stopped by Juuse Saros with a rebound.
17:07 of 3rd period - Jakob Chychrun is hit by Erik Haula and loses puck.
17:38 of 3rd period - Snap shot by Jakub Voracek.
17:38 of 3rd period - Stopped by Juuse Saros without a rebound.
17:39 of 3rd period - Derick Brassard wins face-off versus Jake Virtanen in Bruins zone.
18:00 of 3rd period - Connor Murphy is hit by Jesper Fast and loses puck.
18:07 of 3rd period - Erik Haula is hit by Joel Edmundson and loses puck.
18:28 of 3rd period - Karl Alzner is hit by Brady Tkachuk and loses puck.
18:49 of 3rd period - Derick Brassard is hit by Christian Folin and loses puck.
19:42 of 3rd period - Minor Penalty to Jesper Fast for Interference.
19:43 of 3rd period - Steven Stamkos wins face-off versus Sean Monahan in Senateurs zone.
Goals for this period are 1 for Senateurs vs 1 for Bruins.
Shots for this period are 11 for Senateurs vs 13 for Bruins. Output by the SimonT Hockey Simulator (STHS) for Eric Tremblay - Original Page W3C HTML5 Valid
Hockey Simulator - Hockey Simulation - Hockey Manager